 Dungeon Crawl Stone Soup version 0.30.0 (webtiles) character file.

Game seed: 10904102852301547165

71 Dani the Chopper (level 4, 35/35 HPs)
             Began as a Demonspawn Fighter on May 20, 2023.
             Quit the game on level 3 of the Dungeon.
             The game lasted 00:02:40 (1772 turns).

Dani the Chopper (Demonspawn Fighter)               Turns: 1772, Time: 00:02:41

Health: 35/35      AC:  6    Str: 16    XL:     4   Next: 5%
Magic:  4/4        EV:  8    Int: 11    God:
Gold:   60         SH:  4    Dex: 13    Spells: 3/3 levels left

rFire   . . .        a - +0 war axe
rCold   . . .        c - +0 buckler
rNeg    . . .        b - +0 scale mail
rPois   .            (helmet restricted)
rElec   .            (no cloak)
rCorr   .            (no gloves)
SInv    .            (no boots)
Will    .....        (no amulet) Stlth
                     (no ring)
HPRegen 0.25/turn    (no ring)
MPRegen 0.09/turn

%: no passive effects
@: no status effects
A: horns 1, powered by death 1, sanguine armour 1
a: no special abilities


You were on level 3 of the Dungeon.
You visited 1 branch of the dungeon, and saw 3 of its levels.

You collected 60 gold pieces.

Inventory:

Hand Weapons
 a - a +0 war axe (weapon)
Armour
 b - a +0 scale mail (worn)
 c - a +0 buckler (worn)
Jewellery
 g - a ring of wizardry
   (You found it on level 2 of the Dungeon)
Scrolls
 R - 2 scrolls of identify {@r1}
 T - a scroll of teleportation
Potions
 d - a potion of might
 e - 2 potions of heal wounds {unknown}
 f - a potion of mutation {!q}
 h - a potion of brilliance {unknown}
 i - a potion of attraction {unknown}
 j - a potion of cancellation {unknown}
 k - a potion of curing {unknown}
 l - a potion of lignification {unknown}


   Skills:
 - Level 3.0 Fighting
 + Level 4.0 Axes
 - Level 2.6 Armour
 - Level 2.6 Shields


You had 3 spell levels left.
You didn't know any spells.
Your spell library contained the following spells:

 Spells                   Type           Power      Damage    Failure   Level
 Sandblast                Erth           0%         2d4       86%         1
 Passwall                 Tmut/Erth      0%         N/A       94%         2
 Sublimation of Blood     Necr           0%         N/A       94%         2
 Wereblood                Tmut           0%         N/A       94%         2
 Stone Arrow              Conj/Erth      0%         3d7       99%         3
 Summon Guardian Golem    Hex/Summ       0%         N/A       99%         3
 Orb of Destruction       Conj           0%         9d5       100%        7
 Spellforged Servitor     Conj/Summ      0%         N/A       100%        7
 Summon Hydra             Summ           0%         N/A       100%        7


Dungeon Overview and Level Annotations

Branches:
Dungeon (3/15)

Altars:

Shops:
D:1 :(


Innate Abilities, Weirdness & Mutations

You have a pair of small horns on your head.
You regenerate a little health from kills.
When seriously injured, your blood forms armour. (AC +0)


Message History

You kill the orc!
The orc hits you but does no damage. x2
There are monsters nearby!
You hit the orc. You headbutt the orc.
You kill the orc!
An orc is nearby!
You hit the orc.
The orc is heavily wounded.
You block the orc's attack.
An orc is nearby!
You slash the orc!
You kill the orc!
No target in view!
You see here a +0 hand axe.
You see here a +0 hand axe.
Key pressed, stopping explore.
No target in view!
There is a large open door here.
Items here: )) [ †.
Key pressed, stopping explore.
No target in view!
There is a large open door here.
Key pressed, stopping explore.
There is a large open door here.
There is an open door here.
Key pressed, stopping explore.
A ball python comes into view.
The ball python hisses angrily.
You hear a shout!
A ball python is nearby!
A ball python is nearby!
A ball python is nearby!
A goblin comes into view. It is wielding a +0 club.
The goblin shouts!
The ball python closely misses you. You block the ball python's attack.
There are monsters nearby!
You slash the ball python!
You kill the ball python!
A goblin is nearby!
You see here a ball python corpse.
A goblin is nearby!
You closely miss the goblin. The goblin hits you but does no damage.
The goblin closely misses you.
A goblin is nearby!
You slash the goblin!
You kill the goblin!
No target in view!
l - a sapphire potion
Things that are here:
a +0 club; a goblin corpse No target in view!
Key pressed, stopping explore.
No target in view!
Found an escape hatch in the floor.
Key pressed, stopping explore.
Found a stone staircase leading up.
Key pressed, stopping explore.
Key pressed, stopping explore.
There is an open door here.
Key pressed, stopping explore.
Done exploring.
There is a stone staircase leading down here.
You climb downwards.
The kobold shouts!
You hear an angry hiss.
Found a scroll of identify.
Found a stone staircase leading down.
There is a stone staircase leading up here.
There are monsters nearby!
There are monsters nearby!
An adder comes into view.
You hit the kobold but do no damage. Your headbutt misses the kobold.
The kobold hits you but does no damage.
There are monsters nearby!
You barely miss the kobold. Your headbutt misses the kobold.
The kobold hits you but does no damage.
There are monsters nearby!
You hit the kobold.
You kill the kobold!
The endoplasm barely misses you.
There are monsters nearby!
You miss the adder. You barely miss the endoplasm.
The adder bites you but does no damage. The endoplasm barely misses you.
The adder barely misses you.
There are monsters nearby!
You slash the adder!
You kill the adder!
You hit the endoplasm. The endoplasm freezes you.
You are frozen.
Your Axes skill increases to level 4!
You have reached level 4!
You feel agile.
Your demonic ancestry asserts itself...
A wave of death washes over you.
You slash the endoplasm!
You kill the endoplasm!
HP restored.
R - 2 scrolls of identify {@r1} (gained 1)
A rat comes into view.
The rat bites you but does no damage.
You hit the rat.
You kill the rat!
Are you sure you want to abandon this character and quit the game? (Confirm with "yes".)

... ##....... ...
.......... ....
#.......... .....
............
...##............
......>........
#†............
#.@#..........
##.............
#..............
.####.#.........
......#.........
..#...<.)......
... ##.##########
.. .... . #....


There were no monsters in sight!

Vanquished Creatures
  An adder (D:3)
  2 worms (D:2)
  A dart slug (D:1)
  4 orcs (D:2)
  5 endoplasms
  3 goblins
  3 hobgoblins (D:1)
  2 quokkas (D:1)
  6 ball pythons
  4 bats (D:2)
  5 frilled lizards
  10 kobolds
  3 rats
49 creatures vanquished.

Notes
Turn   | Place    | Note
-------+----------+-------------------------------------------
     0 | D:1      | Dani the Demonspawn Fighter began the quest for the Orb.
     0 | D:1      | Reached XP level 1. HP: 18/18 MP: 1/1
    57 | D:1      | Reached skill level 2 in Axes
   168 | D:1      | Found a faded altar of an unknown god.
   234 | D:1      | Gained mutation: When seriously injured, your blood forms
                  | armour. (AC +0) [demonic ancestry]
   234 | D:1      | Reached XP level 2. HP: 24/24 MP: 2/2
   381 | D:1      | Reached skill level 3 in Axes
   441 | D:1      | Found Xinoesol's Vocational Training.
   557 | D:1      | Found Vabrueti's Weapon Shoppe.
   803 | D:2      | Gained mutation: You have a pair of small horns on your
                  | head. [demonic ancestry]
   803 | D:2      | Reached XP level 3. HP: 29/29 MP: 3/3
  1749 | D:3      | Reached skill level 4 in Axes
  1749 | D:3      | Gained mutation: You regenerate a little health from kills.
                  | [demonic ancestry]
  1749 | D:3      | Reached XP level 4. HP: 31/35 MP: 4/4
  1772 | D:3      | Quit the game

Illustrated notes

Levels and vault maps discovered:
D:1:      tarquinn_simple_flora_water_e, layout_loops_ring, serial_shops,
          nicolae_shop_competitors_out_of_business,
          dreamdust_ecumenical_altar_sealed_demon, nicolae_shop_vocational
D:2:      layout_basic, serial_corexii_hall, chequers_hall_statues_y,
          corexii_hall_statues_i, chequers_hall_statues_wall_a,
          corexii_hall_statues_u, wad_orctagon
D:3:      minmay_inner_zag, layout_basic, kennysheep_path_1,
          uniq_crazy_yiuf_cottage

Skill      XL: |  1  2  3 |
---------------+----------+-----
Axes           | 2 3 4 |  4.0
Fighting       | |  3.0
Armour         | |  2.6
Shields        | |  2.6

Action                     |  1- 3 |  4- 6 || total
---------------------------+-------+-------++-------
  Melee: War axe           |   143 |     2 ||   145
         Headbutt          |     6 |       ||     6
    Use: Scroll            |     6 |       ||     6
 Armour: Scale mail        |    57 |     1 ||    58
  Dodge: Dodged            |    66 |       ||    66
  Block: Buckler           |    30 |       ||    30

Levels and vault maps discovered:
D:1:      tarquinn_simple_flora_water_e, layout_loops_ring, serial_shops,
          nicolae_shop_competitors_out_of_business,
          dreamdust_ecumenical_altar_sealed_demon, nicolae_shop_vocational
D:2:      layout_basic, serial_corexii_hall, chequers_hall_statues_y,
          corexii_hall_statues_i, chequers_hall_statues_wall_a,
          corexii_hall_statues_u, wad_orctagon
D:3:      minmay_inner_zag, layout_basic, kennysheep_path_1,
          uniq_crazy_yiuf_cottage

Table legend: (Time is in decaauts)
 A = Elapsed time spent in this place.
 B = Non-inter-level travel time spent in this place.
 C = Inter-level travel time spent in this place.
 D = Time resting spent in this place.
 E = Time spent auto-exploring this place.
 F = Levels seen in this place.
 G = Mean time per level.
                   A        B        C        D        E       F      G
               +--------+--------+--------+--------+--------+-----+--------+
         Total |   1828 |   1788 |     40 |      0 |   1391 |   3 |  609.3 |
       Dungeon |   1828 |   1788 |     40 |      0 |   1391 |   3 |  609.3 |
               +--------+--------+--------+--------+--------+-----+--------+

Top non-repeatable levels by time:
     D:2: 966 daAuts
     D:1: 830 daAuts
     D:3: 32 daAuts

Table legend:
 A = Kills in this place as a percentage of kills in the entire game.
 B = Kills by you in this place as a percentage of kills by you in the entire game.
 C = Kills by friends in this place as a percentage of kills by friends in the entire game.
 D = Other kills in this place as a percentage of other kills in the entire game.
 E = Experience gained in this place as a percentage of experience gained in the entire game.
 F = Experience gained in this place divided by the number of levels of this place that you have seen.
                   A       B       C       D       E      F
               +-------+-------+-------+-------+-------+----------------------
         Total | 100.0 | 100.0 |   N/A |   N/A | 100.0 |  34.0
       Dungeon | 100.0 | 100.0 |   N/A |   N/A | 100.0 |  34.0
               +-------+-------+-------+-------+-------+----------------------
